 Dungeon Crawl Stone Soup version 0.26.1-11-gd32895ea62 (webtiles) character file.

Game seed: 2206019083117739895

39 Zeld the Twirler (level 3, 0/24 HPs)
             Began as an Octopode Gladiator on May 22, 2021.
             Slain by Sigmund
             ... wielding a +0 scythe
              (4 damage)
             ... on level 2 of the Dungeon.
             The game lasted 00:01:03 (1339 turns).

Zeld the Twirler (Octopode Gladiator)               Turns: 1339, Time: 00:01:03

Health: 0/24       AC:  1    Str: 14    XL:     3   Next: 45%
Magic:  3/3        EV: 14    Int: 10    God:
Gold:   37         SH:  0    Dex: 13    Spells: 2/2 levels left

rFire    . . .     SeeInvis .   a - +0 quarterstaff
rCold    . . .     Faith    .   (shield currently unavailable)
rNeg     . . .     Spirit   .   b - +0 hat
rPois    .         Reflect  .   (no amulet)
rElec    .         Harm     .   (no ring)
rCorr    .         Rampage  .   (no ring)
Will     .....                  (no ring)
Stlth    ++........             (no ring)
HPRegen  0.08/turn              (no ring)
MPRegen  0.08/turn              (no ring)
                                (no ring)
                                (no ring)

@: no status effects
A: almost no armour, stealthy swim, amphibious, 8 rings, constrict 8, camouflage
1, gelatinous body 1
a: no special abilities


You were on level 2 of the Dungeon.
You visited 1 branch of the dungeon, and saw 2 of its levels.

You collected 37 gold pieces.

Inventory:

Hand Weapons
 a - a +0 quarterstaff (weapon)
Missiles
 c - 3 throwing nets (quivered)
 i - 3 poisoned darts
Armour
 b - a +0 hat (worn)
Scrolls
 e - a scroll of blinking {unknown}
 f - a scroll of immolation {unknown}
Potions
 d - 2 potions of heal wounds {unknown}
 g - 3 potions of resistance {unknown}
 h - a potion of cancellation {unknown}


   Skills:
 - Level 2.0 Fighting
 * Level 4.4 Staves
 - Level 2.0 Throwing
 - Level 3.0 Dodging


You had 2 spell levels left.
You didn't know any spells.
Your spell library was empty.

Dungeon Overview and Level Annotations

Branches:
Dungeon (2/15)

Altars:

Annotations:
D:2 Sigmund


Innate Abilities, Weirdness & Mutations

You cannot wear most types of armour.
You are very stealthy in the water. (Stealth+)
You are amphibious.
You can wear up to eight rings at the same time.
You can use your tentacles to constrict eight enemies at once.
Your skin changes colour to match your surroundings (Stealth+).
Your rubbery body absorbs attacks. (AC +1, EV +1)


Message History

You closely miss the frilled lizard.
The frilled lizard is heavily wounded.
You constrict the frilled lizard.
You kill the frilled lizard!
Sigmund points at himself and mumbles some strange words.
Sigmund flickers and vanishes!
Deactivating autopickup; reactivate with Ctrl-A.
Okay, then.
The rat barely misses you. The rat bites you. Something barely misses you.
The rat bites you but does no damage. The rat barely misses you.
Something barely misses you. The rat barely misses you. Something hits you!
* * * LOW HITPOINT WARNING * * *
The rat misses you. The rat misses you. Something completely misses you.
The rat bites you.
* * * LOW HITPOINT WARNING * * *
Something hits you.
You die...

..⌠.. ..?(.
... ..... #...
#... ... ##.
... # ..
#.##.# . ###
#... #+#
#@###.###.#
#.#
#.r.[...[.#
#.#
#####.#####
##.# #.# ##...
#r# #....
#.#########...
#.##..........
#...r######...
###### ####


You could see a rat.

Vanquished Creatures
  An ooze (D:1)
  2 leopard geckos (D:1)
  5 bats (D:1)
  A giant cockroach (D:1)
  5 goblins
  6 hobgoblins
  5 kobolds
  2 frilled lizards
  2 rats (D:1)
29 creatures vanquished.

Notes
Turn   | Place    | Note
-------+----------+-------------------------------------------
     0 | D:1      | Zeld the Octopode Gladiator began the quest for the Orb.
     0 | D:1      | Reached XP level 1. HP: 14/14 MP: 1/1
   136 | D:1      | Reached XP level 2. HP: 18/19 MP: 2/2
   394 | D:1      | Reached skill level 4 in Staves
   472 | D:1      | Reached XP level 3. HP: 23/24 MP: 3/3
  1266 | D:2      | Noticed Sigmund
  1339 | D:2      | Slain by Sigmund

Illustrated notes

Levels and vault maps discovered:
D:1:      lightli_arrival_noodles, layout_basic
D:2:      layout_loops_corners, chequers_hall_statues_corner_a,
          minmay_misc_feat_tower, grunt_decor_resistance, minmay_nonomino_d4,
          uniq_sigmund

Skill      XL: |  1  2 |
---------------+-------+-----
Staves         | 4 |  4.4
Fighting       | |  2.0
Throwing       | |  2.0
Dodging        | |  3.0

Action                   || total
-------------------------++-------
Melee: Quarterstaff      ||    49
       Constrict         ||    14
       Tentacles         ||     6
 Stab: Sleeping          ||     2
Armor: Skin              ||     5
Dodge: Dodged            ||    57
